 Dungeon Crawl Stone Soup version 0.22-a0-570-g58866f5 (webtiles) character file.

283589 MothsLongingForFire the Grim Reaper (level 19, -6/161 HPs)
             Began as a Demonspawn Monk on June 30, 2018.
             Was the Champion of Yredelemnul.
             Mangled by a reaper
             ... wielding a +0 scythe of flaming
              (32 damage)
             ... on level 2 of the Abyss.
             The game lasted 02:35:36 (51669 turns).

MothsLongingForFire the Grim Reaper (DsMo)         Turns: 51669, Time: 02:35:37

Health: -6/161     AC: 16    Str: 19    XL:     19   Next: 76%
Magic:  20/28      EV: 15    Int: 15    God:    Yredelemnul [******]
Gold:   3503       SH: 13    Dex: 26    Spells: 18/18 levels left

rFire    + + +     SeeInvis +   c - +3 trident (freeze)
rCold    + + +     Gourm    +   F - +0 shield of Context {-Cast rPois rC+++ Int+3}
rNeg     . . .     Faith    .   g - +0 gold dragon scales
rPois    +         Spirit   .   (helmet unavailable)
rElec    +         Reflect  .   u - scarf {rC+ rF+}
rCorr    .         Harm     .   o - +1 pair of gloves
MR       +....     NoCast   +   (boots unavailable)
Stlth    ..........             r - amulet of the gourmand
HPRegen  0.36/turn              L - ring "Tifodghi" {+Blink rElec rF+ Dex+5}
MPRegen  0.21/turn              C - ring of protection from cold

@: agile
A: antennae 3, claws 2, hooves 3, [deformed body], fire resistance 1, foul
stench 1, [low mp 1], powered by pain 2, rot immunity, flame cloud immunity
}: 2/15 runes: decaying, gossamer
a: Recall Undead Slaves, Injury Mirror, Animate Dead, Drain Life, Enslave Soul,
Renounce Religion, Evoke Blink


You were on level 2 of the Abyss.
You worshipped Yredelemnul.
Yredelemnul was exalted by your worship.
You were very full.

You visited 7 branches of the dungeon, and saw 39 of its levels.
You visited the Abyss 1 time.

You collected 4378 gold pieces.
You spent 875 gold pieces at shops.


Innate Abilities, Weirdness & Mutations

You have a pair of large antennae on your head. (SInv)
You have very sharp fingernails.
You have hooves in place of feet.
Your flesh is heat resistant. (rF+)
You may emit foul miasma when damaged in melee.
You sometimes gain power by taking damage.
You are immune to rotting.
You are immune to clouds of flame.
[Armour fits poorly on your strangely shaped body.]
[Your magical capacity is low. (-10% MP)]


   Skills:
 + Level 17.4 Fighting
   Level 4.6(11.5) Axes
 - Level 15.7(16.0) Polearms
 + Level 14.3 Armour
 + Level 12.0 Dodging
 - Level 1.7 Stealth
 * Level 9.9 Shields
 + Level 17.5 Invocations


You had 18 spell levels left.
You didn't know any spells.
Your spell library contained the following spells:

 Spells                   Type           Power        Failure   Level  Hunger
 Cause Fear               Hex            #.........   100%        4    #####..
 Magic Dart               Conj           #...         100%        1    ##.....
 Fireball                 Conj/Fire      #.........   100%        5    ######.
 Conjure Flame            Conj/Fire      #.......     100%        3    ####...
 Bolt of Magma            Conj/Fire/Erth #.........   100%        5    ######.
 Slow                     Hex            #.......     100%        2    ###....
 Confuse                  Hex            #.......     100%        3    ####...
 Throw Flame              Conj/Fire      #.....       100%        2    ###....
 Freezing Cloud           Conj/Ice/Air   #.........   100%        6    #######
 Mephitic Cloud           Conj/Pois/Air  #.......     100%        3    ####...
 Ring of Flames           Chrm/Fire      #.........   100%        7    #######
 Summon Small Mammal      Summ           #...         100%        1    ##.....
 Blink                    Tloc           N/A          100%        2    ###....
 Animate Dead             Necr           N/A          100%        4    #####..
 Pain                     Necr           #...         100%        1    ##.....
 Animate Skeleton         Necr           N/A          100%        1    ##.....
 Vampiric Draining        Necr           #.........   100%        3    ####...
 Sticky Flame             Conj/Fire      #.......     100%        4    #####..
 Summon Ice Beast         Ice/Summ       #.......     100%        4    #####..
 Call Imp                 Summ           #.......     100%        2    ###....
 Regeneration             Chrm/Necr      #.........   100%        3    ####...
 Tukima's Dance           Hex            #.......     100%        3    ####...
 Stone Arrow              Conj/Erth      #.....       100%        3    ####...
 Spider Form              Tmut/Pois      #.........   100%        3    ####...
 Blade Hands              Tmut           #.........   100%        5    ######.
 Ice Form                 Ice/Tmut       #.......     100%        4    #####..
 Death Channel            Necr           #.........   100%        6    #######
 Deflect Missiles         Chrm/Air       #.........   100%        6    #######
 Confusing Touch          Hex            #.....       100%        1    ##.....
 Flame Tongue             Conj/Fire      #....        100%        1    ##.....
 Passwall                 Tmut/Erth      #.......     100%        2    ###....
 Sticks to Snakes         Tmut           #.......     100%        2    ###....
 Call Canine Familiar     Summ           #.......     100%        3    ####...
 Ensorcelled Hibernation  Hex/Ice        #.....       100%        2    ###....
 Metabolic Englaciation   Hex/Ice        #.........   100%        5    ######.
 Silence                  Hex/Air        #.........   100%        5    ######.
 Corona                   Hex            #......      100%        1    ##.....
 Lee's Rapid Deconstruct  Erth           #.........   100%        5    ######.
 Sandblast                Erth           #.....       100%        1    ##.....
 Excruciating Wounds      Chrm/Necr      #.........   100%        5    ######.
 Portal Projectile        Hex/Tloc       #.....       100%        3    ####...
 Petrify                  Tmut/Erth      #.......     100%        4    #####..
 Leda's Liquefaction      Hex/Erth       #.........   100%        4    #####..
 Inner Flame              Hex/Fire       #.......     100%        3    ####...
 Beastly Appendage        Tmut           #.....       100%        1    ##.....
 Dazzling Spray           Conj/Hex       #.....       100%        3    ####...
 Discord                  Hex            #.........   100%        8    #######
 Summon Lightning Spire   Summ/Air       #.......     100%        4    #####..
 Summon Guardian Golem    Hex/Summ       #.......     100%        3    ####...
 Gell's Gravitas          Tloc           #.........   100%        3    ####...
 Yara's Violent Unravell  Hex/Tmut       #.........   100%        5    ######.
 Poisonous Vapours        Pois/Air       #.....       100%        2    ###....

Inventory:

Hand Weapons
 c - a +3 trident of freezing (weapon)
 z - a +0 antimagic trident
Missiles
 d - 1064 stones (quivered)
 M - a throwing net {=f}
Armour
 g - +0 gold dragon scales (worn)
 o - a +1 pair of gloves (worn)
 u - a scarf of resistance (worn)
 F - the +0 shield of Context (worn) {-Cast rPois rC+++ Int+3}
   (You bought it in a shop on level 1 of the Orcish Mines)

   It affects your intelligence (+3).
   It renders you almost immune to cold.
   It protects you from poison.
   It prevents spellcasting.
 Q - the +0 buckler of Broken Taboos {Str+3 Dex+4}
   (You bought it in a shop on level 1 of the Orcish Mines)

   It affects your strength (+3).
   It affects your dexterity (+4).
Jewellery
 r - an amulet of the gourmand (around neck)
 C - a ring of protection from cold (right hand)
 L - the ring "Tifodghi" (left hand) {+Blink rElec rF+ Dex+5}
   (You found it on level 2 of the Lair of Beasts)

   [ring of dexterity]

   It affects your dexterity (+5).
   It protects you from fire.
   It insulates you from electricity.
   It lets you blink.
 N - an uncursed ring of positive energy
 R - an uncursed ring of resist corrosion
Wands
 j - a wand of acid (16)
 s - a wand of paralysis (48)
 B - a wand of flame (144)
 H - a wand of iceblast (31)
 T - a wand of digging (21)
 X - a wand of scattershot (6)
Scrolls
 a - 5 scrolls of blinking
 e - 4 scrolls of fog
 f - a scroll of torment {!r}
 h - 12 scrolls of identify {@r1}
 i - 8 scrolls of remove curse {@r2}
 k - 6 scrolls of enchant armour
 n - 6 scrolls of enchant weapon
 t - 4 scrolls of amnesia
 E - 5 scrolls of fear
 G - 2 scrolls of summoning
 I - 15 scrolls of teleportation {@r4}
 W - 5 scrolls of magic mapping
Potions
 b - a potion of flight
 l - 4 potions of berserk rage {!q}
 m - 9 potions of might
 p - 3 potions of magic
 q - 7 potions of ambrosia
 w - 14 potions of curing {@q1}
 x - 9 potions of agility
 A - 4 potions of mutation {!q}
 D - 8 potions of lignification {!q}
 J - 8 potions of brilliance
 K - 2 potions of cancellation
 P - 7 potions of heal wounds {@q2}
 S - 2 potions of haste {@q3}
 V - 2 potions of resistance
 Y - a potion of invisibility
Miscellaneous
 U - 4 phantom mirrors
Comestibles
 O - 62 rations {@e1}

Dungeon Overview and Level Annotations

Branches:
Dungeon (15/15)              Lair (6/6) D:9           Swamp (4/4) Lair:4
 Spider (4/4) Lair:2        Slime (0/5) Lair:5          Orc (2/2) D:11
    Elf (0/3) Orc:2        Vaults (3/5) D:13         Depths (5/5) D:15
    Zot (0/5) Depths:5
 Temple: D:4-7        Crypt: Vaults:2-3

Altars:
Cheibriados
Fedhas
Kikubaaqudgha
Okawaru
Ru
Vehumet
Wu Jian
Yredelemnul
Zin
The Shining One
Beogh
Jiyva

Shops:
D:9 (   Orc:1 [   Orc:2 ?}[

Portals:
Hell: Depths:1 Depths:2 Depths:3 Depths:4 Depths:5
Abyss: Depths:2 Depths:4
Pandemonium: Depths:3
Ziggurat: Depths:3

Annotations:
D:3 exclusion: downstairs
D:4 pikel
D:7 exclusion: oklob plant

### ▓ u ##...
.▓▓ .▒▒ . .
.▒.... ░... . ..
. ░ . ...... ...
....... .
▓▓....▓ ..▒..▒ ▒
. .
▓▓......▓▒..▒▒..
...
▓▓............
... .
▓...▓........ ▓▓
▓...@X.# .▒ ░
▓▓.
▓..▓▓X▓X#..▒▒.
.... ▓2X.......
. ▓ ...▓
▓.▓▓X..... ▓ ▓.▓
..▒..▒▒ ...... .
▒.#▓ . .... . ▓
# ▓ .... .. ▒.
.. ... . .


You could see 5 starcursed masses and a reaper.


Message History

The starcursed mass shudders and is absorbed by its neighbour.
A starcursed mass splits.
You block the reaper's attack.
Attack whom?
Press: ? - help, Dir - move target cursor, f/p - reaper
Aim: a reaper, wielding a scythe of flaming (almost dead)
You reach to attack!
You hit the reaper.
The reaper is almost dead.
A starcursed mass splits.
A chorus of shrieks assaults your mind.
* * * LOW HITPOINT WARNING * * *
Attack whom?
Press: ? - help, Dir - move target cursor, f/p - reaper
Aim: a reaper, wielding a scythe of flaming (almost dead)
You reach to attack!
You hit the reaper but do no damage.
The reaper is almost dead.
A starcursed mass splits.
Attack whom?
Press: ? - help, Dir - move target cursor, f/p - reaper
Aim: a reaper, wielding a scythe of flaming (almost dead)
You reach to attack!
You hit the reaper.
The reaper is almost dead.
The reaper hits you from afar with a scythe of flaming!!
* * * LOW HITPOINT WARNING * * *
You focus on the pain.
You feel your power returning. The reaper burns you.
* * * LOW HITPOINT WARNING * * *
A starcursed mass splits.
You feel much better.
The reaper hits you from afar with a scythe of flaming!!
You die...
Your body rises from the dead as a mindless zombie.

Skill      XL: |  1  2  3  4  5  6  7  8  9 10 11 12 13 14 15 16 17 18 19 |
---------------+----------------------------------------------------------+-----
Axes           | 3 4 |  4.6
Fighting       | 4 5 6 8 9 10 11 12 13 14 15 16 17 | 17.4
Invocations    | 2 3 5 7 8 10 11 12 13 14 15 16 17 | 17.5
Polearms       | 1 3 4 6 8 10 11 12 13 14 15 | 15.7
Armour         | 4 6 8 9 11 12 13 14 | 14.3
Dodging        | 4 5 6 7 8 9 10 11 12 | 12.0
Shields        | 4 7 9 |  9.9
Stealth        | |  1.7

Action                   |  1- 3 |  4- 6 |  7- 9 | 10-12 | 13-15 | 16-18 | 19-21 || total
-------------------------+-------+-------+-------+-------+-------+-------+-------++-------
Melee: Hand axe          |   140 |    92 |       |       |       |       |       ||   232
       Halberd           |       |   138 |   277 |   596 |  1220 |   367 |       ||  2598
       Kick              |       |    16 |    53 |   175 |    40 |   335 |   178 ||   797
       Trident           |       |       |       |       |       |   514 |   453 ||   967
Throw: Stone             |     2 |       |       |       |       |       |       ||     2
Invok: Animate Remains   |       |    16 |     1 |       |       |       |       ||    17
       Recall Undead Sla |       |     2 |    13 |    11 |    17 |    34 |    17 ||    94
       Injury Mirror     |       |     1 |     1 |     1 |       |       |       ||     3
       Animate Dead      |       |       |    18 |    53 |   130 |    89 |    29 ||   319
       Drain Life        |       |       |     1 |     1 |     9 |     6 |    11 ||    28
       Enslave Soul      |       |       |       |       |     4 |     1 |       ||     5
       Stop Recall       |       |       |       |       |       |     1 |     1 ||     2
 Abil: Evoke Blink       |       |       |       |     1 |       |     3 |       ||     4
Evoke: Wand              |       |       |     8 |       |       |       |       ||     8
  Use: Scroll            |     1 |     1 |    12 |     9 |    14 |     7 |     3 ||    47
       Potion            |       |     2 |     2 |     3 |       |       |     2 ||     9
 Stab: Sleeping          |       |     4 |       |     1 |       |       |       ||     5
       Distracted        |       |     1 |     1 |    15 |    35 |    33 |    11 ||    96
       Paralysed         |       |       |     6 |       |       |       |       ||     6
  Eat: Chunk             |     3 |    10 |     9 |    37 |   100 |    76 |    23 ||   258
       Ration            |       |     1 |     4 |     3 |     3 |     3 |     2 ||    16
Armor: Robe              |     7 |       |       |       |       |       |       ||     7
       Ring mail         |    42 |    69 |    83 |    29 |       |       |       ||   223
       Leather armour    |     1 |       |       |       |       |       |       ||     1
       Plate armour      |       |       |       |   305 |   704 |   168 |       ||  1177
       Gold dragon scale |       |       |       |       |       |    95 |   121 ||   216
Dodge: Dodged            |   102 |   140 |   166 |   179 |   450 |   244 |    78 ||  1359
Block: Buckler           |       |       |       |       |       |    60 |    65 ||   125
       Shield            |       |       |       |       |       |       |    14 ||    14

Vault maps used:
D:1:      sevenhm_arrival_forest_fort_small_6, minmay_misc_feat_chi
D:2:      grunt_temple_overflow_holy_war, uniq_natasha
D:4:      temple_statues, first_ration, serial_curves, eino_curves_04,
          eino_curves_04, uniq_pikel
D:5:      lemuel_crystal_altar, uniq_menkaure
D:6:      lemuel_zombie_altar_kikubaaqudgha, uniq_crazy_yiuf_cottage
D:7:      tgw_fedhas, okawaru_ov_weapons_minmay
D:8:      kennysheep_little_box, gammafunk_temple_overflow_claw, enter_bailey_2
D:9:      david_lair_shrubbed, serial_shops, shop_fountains
D:10:     special_room
D:11:     david_orc_5, david_nohive_1, kennysheep_generic_room_2, uniq_psyche,
          uniq_grum
D:13:     lightli_vaults_fourway_checkpoint, minmay_crystal_room,
          kennysheep_generic_room_11
D:14:     lemuel_upstairs_altar, minmay_stone_trees_small
D:15:     grunt_enter_depths_snipers, minivault_23,
          hangedman_decor_diamond_cutter, uniq_urug
Lair:1:   beast_lair_carwin_5
Lair:2:   lemuel_ratsnest, spider_nest_entry_webs, infiniplex_staircase_pool,
          uniq_nergalle
Lair:3:   kennysheep_rathole
Lair:4:   nicolae_swamp_entry_splash_gauntlet, serial_bayou_shore_a,
          grunt_megastairs_2, infiniplex_staircase_pool_2, lemuel_fruit_fields,
          lemuel_fruit_fields, lemuel_fruit_tree
Lair:5:   slime_altar_1, ebering_ghost_rock_garden, special_room,
          nzn_random_ring, uniq_snorg
Lair:6:   guppyfry_lair_end_dragon, hangedman_lair_tendril_chambers,
          lab_entry_generic, minmay_lair_oklob_chamber
Swamp:1:  evilmike_swamp_ruin_house_6
Swamp:2:  nicolae_swamp_rocky_clearing
Swamp:3:  evilmike_swamp_ruin_house_5, swamp_pool3
Swamp:4:  swamp_alternative
Spider:1: uniq_aizul
Spider:3: hangedman_spider_tarantella_strand, nicolae_spider_cling_ruins,
          uniq_agnes, uniq_azrael
Spider:4: grunt_spider_rune_parallel, spiders_nest_the_unseen
Orc:1:    serial_shops, nicolae_shop_behind_doors
Orc:2:    st_orc_town, mines4_lemuel
Vaults:1: nicolae_vaults_asterisk, ontoclasm_vaults_misaligned, v_alt_pattern_1,
          ontoclasm_vaults_tryst, v_pattern_5, nicolae_vaults_little_squares_4,
          special_room_vaults, nicolae_vaults_sealed_display,
          hangedman_vaults_capsules, hangedman_vaults_river_flow,
          nicolae_vaults_big_ls, nicolae_vaults_little_squares_4,
          serial_hangedman_research
Vaults:2: vaults_mumra_chevron_long, v_misc_10, ontoclasm_vaults_misaligned,
          hangedman_vaults_stagger, v_misc_3, nicolae_vaults_network_barrier,
          nicolae_vaults_border_crossing, v_misc_29, vaults_room_hallway,
          nicolae_vaults_theta, nicolae_vaults_big_angled_halls
Vaults:3: v_misc_13, hangedman_vaults_stream, vaults_room_grid,
          nicolae_vaults_circle_grid_b, minmay_crypt_entry_simple_box,
          nicolae_vaults_little_squares_6, hangedman_vaults_corner_blocks,
          vaults_room_large_hall, grunt_vaults_hallway_long,
          nicolae_vaults_little_squares_6, v_rooms_2,
          nicolae_vaults_network_periphery, nicolae_vaults_circle_grid_b,
          v_misc_8, hangedman_vaults_trim
Depths:1: pf_dread_powers_of_hell, serial_bayou_pond_e, lemuel_flamethrower_2
Depths:2: minmay_strange_plus, hell_entry, abyss_entry_crystal,
          infiniplex_staircase_split_hallway
Depths:3: minmay_chopped_fan, enter_ziggurat_b, lightli_too_deep, pan_entry,
          minmay_guarded_unrand_wrath_of_trog
Depths:4: hangedman_crystal_crosses_colossus, serial_shops, hell_entry,
          abyss_entry
Depths:5: grunt_zot_entry_bicorn, hell_entry, st_stairs_5,
          minmay_misc_feat_pillars

Notes
Turn   | Place    | Note
-------+----------+-------------------------------------------
     0 | D:1      | MothsLongingForFire the Demonspawn Monk began the quest for the Orb.
     0 | D:1      | Reached XP level 1. HP: 18/18 MP: 1/1
    95 | D:1      | Reached skill level 3 in Axes
    99 | D:1      | Gained mutation: You are immune to rotting. [demonic ancestry]
    99 | D:1      | Reached XP level 2. HP: 20/24 MP: 2/2
  1145 | D:2      | You feel monstrous as your demonic heritage exerts itself.
  1145 | D:2      | Gained mutation: You have sharp fingernails. [demonic ancestry]
  1145 | D:2      | Reached XP level 3. HP: 18/29 MP: 3/3
  1670 | D:2      | Found a basalt altar of Yredelemnul.
  1673 | D:2      | Noticed a profane servitor
  1679 | D:2      | Found a glowing golden altar of the Shining One.
  1681 | D:2      | Noticed an angel
  1908 | D:2      | Noticed Natasha
  1919 | D:2      | Killed Natasha
  1919 | D:2      | Reached skill level 4 in Axes
  1919 | D:2      | Gained mutation: You have very sharp fingernails. [demonic ancestry]
  1919 | D:2      | Reached XP level 4. HP: 17/37 MP: 4/4
  2096 | D:2      | Noticed Natasha
  2115 | D:2      | Killed Natasha
  2316 | D:2      | Became a worshipper of Yredelemnul the Dark
  2316 | D:2      | Reached * piety under Yredelemnul
  2316 | D:2      | Reached ** piety under Yredelemnul
  2327 | D:2      | Noticed Natasha
  2338 | D:2      | Killed Natasha
  2338 | D:2      | Reached skill level 4 in Fighting
  2338 | D:2      | Gained mutation: You have a pair of small antennae on your head. [demonic ancestry]
  2338 | D:2      | Reached XP level 5. HP: 25/42 MP: 5/5
  2848 | D:3      | Reached skill level 1 in Invocations
  3053 | D:3      | Reached skill level 2 in Invocations
  3306 | D:3      | HP: 4/43 [orc wizard/magic dart (2)]
  3658 | D:3      | Reached skill level 1 in Polearms
  3974 | D:4      | Noticed Pikel
  3974 | D:4      | Noticed a slave
  4000 | D:4      | Gained mutation: You have large cloven feet. [demonic ancestry]
  4000 | D:4      | Reached XP level 6. HP: 46/49 MP: 7/7
  4320 | D:4      | Reached skill level 2 in Polearms
  4320 | D:4      | Reached skill level 3 in Invocations
  4388 | D:4      | Reached skill level 5 in Fighting
  4388 | D:4      | Reached skill level 3 in Polearms
  4388 | D:4      | Reached XP level 7. HP: 45/56 MP: 9/9
  4795 | D:5      | Entered Level 5 of the Dungeon
  4831 | D:5      | Noticed Menkaure
  4837 | D:5      | Killed Menkaure
  4837 | D:5      | Reached skill level 4 in Invocations
  5034 | D:5      | Reached *** piety under Yredelemnul
  5034 | D:5      | Reached skill level 4 in Polearms
  5320 | D:4      | Reached skill level 5 in Invocations
  5756 | D:5      | Gained mutation: You have a pair of antennae on your head. [demonic ancestry]
  5756 | D:5      | Reached XP level 8. HP: 64/64 MP: 11/11
  5782 | D:5      | Found a radiant altar of Vehumet.
  6065 | D:5      | Reached skill level 5 in Polearms
  6701 | D:6      | Received a gift from Yredelemnul (2 flying skulls)
  7038 | D:6      | Reached skill level 6 in Fighting
  7083 | D:6      | Identified a scarf of resistance (You found it on level 6 of the Dungeon)
  7191 | D:6      | Reached skill level 6 in Invocations
  7232 | D:6      | Found an ancient bone altar of Kikubaaqudgha.
  7357 | D:6      | Received a gift from Yredelemnul (a mummy)
  7746 | D:6      | Reached skill level 6 in Polearms
  7913 | D:6      | Found a runed door.
  7917 | D:6      | Noticed Crazy Yiuf
  7920 | D:6      | Killed Crazy Yiuf
  8137 | D:5      | Killed Pikel
  8137 | D:5      | Reached skill level 7 in Invocations
  8137 | D:5      | Gained mutation: You may emit foul miasma when damaged in melee. [demonic ancestry]
  8137 | D:5      | Reached XP level 9. HP: 49/71 MP: 12/14
  8204 | D:7      | Received a gift from Yredelemnul (a mummy)
  8240 | D:7      | Reached skill level 7 in Polearms
  8241 | D:7      | HP: 7/71 [vampire mosquito (10)]
  8245 | D:7      | Reached skill level 7 in Fighting
  8247 | D:7      | HP: 5/72 [vampire mosquito (9)]
  8649 | D:7      | Found an iron altar of Okawaru.
  8872 | D:7      | Found a blossoming altar of Fedhas.
  8890 | D:7      | Noticed an oklob plant
  9045 | D:8      | Reached **** piety under Yredelemnul
  9049 | D:8      | Noticed a two-headed ogre
  9059 | D:8      | Killed a two-headed ogre
  9059 | D:8      | Reached skill level 8 in Polearms
  9059 | D:8      | Reached skill level 8 in Invocations
  9059 | D:8      | Received a gift from Yredelemnul (a mummy)
  9215 | D:8      | Killed an unseen horror
  9215 | D:8      | Reached skill level 8 in Fighting
  9215 | D:8      | Reached XP level 10. HP: 54/80 MP: 9/16
  9267 | D:8      | Found an ornate altar of the Wu Jian Council.
  9267 | D:8      | Found a glowing silver altar of Zin.
  9268 | D:8      | Found a sacrificial altar of Ru.
  9345 | D:8      | Found a snail-covered altar of Cheibriados.
  9361 | D:8      | Reached skill level 9 in Invocations
  9682 | D:8      | Found a flagged portal.
  9692 | D:8      | Got a polished halberd
  9697 | D:8      | Identified the +6 halberd of Foolhardiness {protect, Int+4} (You found it on level 8 of the Dungeon)
 10313 | D:9      | Found Jaggulej's Antique Weapon Shoppe.
 10335 | D:9      | Received a gift from Yredelemnul (a wraith)
 10417 | D:9      | Reached skill level 9 in Polearms
 10426 | D:9      | Found a staircase to the Lair.
 10642 | D:9      | Got a transparent ring mail
 10653 | D:9      | Identified the +5 ring mail of Follow the Leader {-Tele MR+ Int+4 Dex+5} (You found it on level 9 of the Dungeon)
 11230 | Lair:1   | Entered Level 1 of the Lair of Beasts
 11333 | Lair:1   | Reached skill level 10 in Invocations
 11347 | Lair:1   | HP: 2/82 [blink frog (9)]
 11353 | Lair:1   | Reached skill level 10 in Polearms
 11363 | Lair:1   | HP: 2/82 [blink frog (7)]
 11366 | Lair:1   | Reached skill level 9 in Fighting
 11853 | Lair:1   | Reached XP level 11. HP: 75/89 MP: 18/18
 12545 | Lair:1   | Reached skill level 11 in Invocations
 12802 | Lair:2   | Noticed Nergalle
 12852 | Lair:2   | Noticed a five-headed hydra
 12857 | Lair:1   | Killed a six-headed hydra
 12993 | Lair:2   | Reached skill level 1 in Armour
 13041 | Lair:2   | Found a hole to the Spider Nest.
 13121 | Lair:2   | Reached skill level 11 in Polearms
 13248 | Lair:1   | Killed Nergalle
 13248 | Lair:1   | Reached skill level 3 in Dodging
 13248 | Lair:1   | Received a gift from Yredelemnul (a vampire)
 13795 | Lair:2   | Reached skill level 2 in Armour
 14426 | Lair:2   | Reached skill level 10 in Fighting
 14479 | Lair:2   | Reached skill level 3 in Armour
 14502 | Lair:2   | Received a gift from Yredelemnul (a wraith)
 14714 | Lair:2   | Got a smoking platinum ring
 14888 | Lair:2   | Identified the ring "Tifodghi" {+Blink rElec rF+ Dex+5} (You found it on level 2 of the Lair of Beasts)
 15294 | Lair:3   | Received a gift from Yredelemnul (a wight)
 15542 | Lair:3   | Reached skill level 4 in Dodging
 15595 | Lair:3   | Reached skill level 4 in Armour
 15599 | Lair:3   | Gained mutation: You sometimes gain a little power by taking damage. [demonic ancestry]
 15599 | Lair:3   | Reached XP level 12. HP: 79/98 MP: 20/20
 16399 | Lair:4   | Found a staircase to the Swamp.
 16508 | Lair:4   | Noticed a four-headed hydra
 16518 | Lair:4   | Killed a nine-headed hydra
 16518 | Lair:4   | Reached skill level 11 in Fighting
 16524 | Lair:4   | Reached skill level 5 in Armour
 16525 | Lair:4   | Received a gift from Yredelemnul (a skeletal warrior)
 16963 | Lair:5   | Reached skill level 12 in Polearms
 17044 | Lair:5   | Reached ***** piety under Yredelemnul
 17156 | Lair:5   | Noticed Snorg
 17188 | Lair:5   | Killed Snorg
 17188 | Lair:5   | Reached skill level 5 in Dodging
 17200 | Lair:5   | Received a gift from Yredelemnul (a wraith)
 17294 | Lair:5   | Found a runed gate.
 17346 | Lair:5   | Found a viscous altar of Jiyva.
 17347 | Lair:5   | Found a staircase to the Slime Pits.
 17350 | Lair:5   | Reached skill level 6 in Armour
 17446 | Lair:5   | Found a runed gate.
 17446 | Lair:5   | Found a runed gate.
 17446 | Lair:5   | Noticed magipi's ghost (journeyman GnBe)
 17481 | Lair:5   | Noticed a seven-headed hydra
 17489 | Lair:5   | Killed a 12-headed hydra
 17531 | Lair:5   | Received a gift from Yredelemnul (a vampire)
 17551 | Lair:5   | Noticed a death yak
 17561 | Lair:5   | Killed a death yak
 17970 | Lair:5   | Killed magipi's ghost
 18021 | Lair:6   | Entered Level 6 of the Lair of Beasts
 18065 | Lair:6   | Gained mutation: Your flesh is heat resistant. (rF+) [demonic ancestry]
 18065 | Lair:6   | Reached XP level 13. HP: 91/107 MP: 21/21
 18515 | Lair:5   | HP: 10/107 [poisoned by a spiny frog]
 18520 | Lair:5   | HP: 6/107 [poisoned by a spiny frog]
 18526 | Lair:5   | HP: 5/107 [poisoned by a spiny frog]
 18534 | Lair:5   | HP: 4/107 [poisoned by a spiny frog]
 18542 | Lair:5   | HP: 4/107 [poisoned by a spiny frog]
 18939 | Lair:5   | Received a gift from Yredelemnul (2 flying skulls)
 18941 | Lair:5   | Your ally Snorg died
 19238 | Lair:6   | Reached skill level 12 in Fighting
 19238 | Lair:6   | Reached skill level 7 in Armour
 19370 | Lair:6   | Received a gift from Yredelemnul (a flayed ghost)
 19513 | Lair:6   | Reached skill level 6 in Dodging
 19890 | Lair:6   | Reached skill level 13 in Polearms
 20014 | Lair:6   | Received a gift from Yredelemnul (a wraith)
 20034 | Lair:6   | Received a gift from Yredelemnul (a phantasmal warrior)
 20185 | Lair:6   | Reached skill level 8 in Armour
 20201 | Lair:6   | Received a gift from Yredelemnul (a ghoul)
 20656 | Lair:6   | Noticed a fire dragon
 20672 | Lair:6   | Killed a fire dragon
 20687 | Lair:6   | Received a gift from Yredelemnul (a bone dragon)
 20719 | Lair:6   | HP: 10/109 [poison (poison gas)]
 20724 | Lair:6   | HP: 10/109 [poison (poison gas)]
 20729 | Lair:6   | HP: 9/109 [poison (poison gas)]
 20737 | Lair:6   | HP: 9/109 [poison (poison gas)]
 21197 | Lair:6   | Reached skill level 12 in Invocations
 21197 | Lair:6   | Gained mutation: You are immune to clouds of flame. [demonic ancestry]
 21197 | Lair:6   | Reached XP level 14. HP: 109/116 MP: 21/23
 21447 | D:10     | Entered Level 10 of the Dungeon
 21512 | D:10     | Received a gift from Yredelemnul (a flayed ghost)
 21785 | D:10     | Received a gift from Yredelemnul (a flayed ghost)
 22394 | D:11     | Received a gift from Yredelemnul (a bone dragon)
 22441 | D:11     | Noticed Grum
 22457 | D:11     | Killed Grum
 22460 | D:11     | Found a roughly hewn altar of Beogh.
 22460 | D:11     | Found a staircase to the Orcish Mines.
 22518 | D:11     | Reached ****** piety under Yredelemnul
 22544 | D:11     | Received a gift from Yredelemnul (a skeletal warrior)
 22904 | D:11     | Reached skill level 13 in Fighting
 23036 | D:11     | Killed Psyche
 23567 | D:13     | Received a gift from Yredelemnul (a profane servitor)
 23629 | D:13     | Reached skill level 9 in Armour
 23635 | D:13     | Received a gift from Yredelemnul (a phantasmal warrior)
 23636 | D:13     | Reached skill level 7 in Dodging
 23836 | D:13     | Found a gate to the Vaults.
 23897 | D:13     | Received a gift from Yredelemnul (a ghoul)
 24589 | D:14     | Received a gift from Yredelemnul (a phantasmal warrior)
 25109 | D:15     | Entered Level 15 of the Dungeon
 25458 | D:15     | Noticed Urug
 25462 | D:15     | Killed Urug
 25462 | D:15     | Enslaved Urug
 25642 | D:14     | Found a basalt altar of Yredelemnul.
 25939 | D:15     | Found a staircase to the Depths.
 26189 | D:15     | Reached skill level 14 in Polearms
 26371 | Orc:1    | Entered Level 1 of the Orcish Mines
 26381 | Orc:1    | Received a gift from Yredelemnul (a ghoul)
 26391 | Orc:1    | Noticed a stone giant
 26400 | Orc:1    | Killed a stone giant
 26866 | Orc:2    | Entered Level 2 of the Orcish Mines
 26990 | Orc:2    | Found a staircase to the Elven Halls.
 26996 | Orc:2    | Received a gift from Yredelemnul (a skeletal warrior)
 27163 | Orc:2    | Found Duiganeof's Assorted Antiques.
 27163 | Orc:2    | Found Toffoavo's Armour Boutique.
 27381 | Orc:2    | Gained mutation: You have hoof-like feet. [demonic ancestry]
 27381 | Orc:2    | Reached XP level 15. HP: 123/125 MP: 24/24
 27387 | Orc:2    | Reached skill level 10 in Armour
 27423 | Orc:2    | Found Caen Umu's Magic Scroll Shoppe.
 27423 | Orc:2    | Found Nughinla's Gadget Boutique.
 27632 | Orc:2    | Bought a scroll of teleportation for 51 gold pieces
 27632 | Orc:2    | Bought a scroll of teleportation for 51 gold pieces
 27632 | Orc:2    | Bought a scroll of teleportation for 51 gold pieces
 27632 | Orc:2    | Bought a scroll of magic mapping for 59 gold pieces
 27632 | Orc:2    | Bought a scroll of random uselessness for 17 gold pieces
 27806 | Orc:2    | Found a roughly hewn altar of Beogh.
 28104 | Orc:1    | Received a gift from Yredelemnul (a phantasmal warrior)
 28112 | Orc:1    | Reached skill level 13 in Invocations
 28114 | Orc:1    | Found Winofimo's Antique Armour Shop.
 28396 | Spider:1 | Entered Level 1 of the Spider Nest
 28561 | Spider:1 | Reached skill level 14 in Fighting
 28888 | Spider:1 | Received a gift from Yredelemnul (a vampire)
 29193 | Spider:1 | Noticed Aizul
 29208 | Spider:1 | Killed Aizul
 29526 | Spider:2 | Killed a ghost moth
 29633 | Spider:2 | Received a gift from Yredelemnul (a ghoul)
 29657 | Spider:2 | Reached skill level 8 in Dodging
 30199 | Spider:3 | Noticed Agnes
 30200 | Spider:3 | Noticed Azrael
 30215 | Spider:3 | Killed Agnes
 30215 | Spider:3 | Enslaved Agnes
 30220 | Spider:3 | Received a gift from Yredelemnul (a skeletal warrior)
 30222 | Spider:3 | Killed Azrael
 30226 | Spider:3 | Received a gift from Yredelemnul (a ghoul)
 30916 | Spider:4 | Entered Level 4 of the Spider Nest
 31011 | Spider:4 | Killed a ghost moth
 31014 | Spider:4 | Reached skill level 11 in Armour
 31035 | Spider:4 | Received a gift from Yredelemnul (a phantasmal warrior)
 31181 | Spider:4 | Killed a ghost moth
 31355 | Spider:4 | Received a gift from Yredelemnul (a flayed ghost)
 31417 | Spider:4 | Received a gift from Yredelemnul (a ghoul)
 31559 | Spider:4 | Received a gift from Yredelemnul (a phantasmal warrior)
 31562 | Spider:4 | Gained mutation: You have hooves in place of feet. [demonic ancestry]
 31562 | Spider:4 | Reached XP level 16. HP: 65/134 MP: 26/26
 31986 | Spider:4 | Received a gift from Yredelemnul (a vampire knight)
 32023 | Spider:4 | Reached skill level 15 in Polearms
 32274 | Spider:4 | Got a gossamer rune of Zot
 32642 | Swamp:1  | Entered Level 1 of the Swamp
 32720 | Swamp:1  | Noticed a thorn hunter
 32726 | Swamp:1  | Killed a thorn hunter
 32727 | Swamp:1  | Received a gift from Yredelemnul (a phantasmal warrior)
 33102 | Swamp:1  | Reached skill level 15 in Fighting
 33196 | Swamp:1  | Noticed a thorn hunter
 33204 | Swamp:1  | Killed a thorn hunter
 33589 | Swamp:2  | Received a gift from Yredelemnul (a phantasmal warrior)
 33594 | Swamp:2  | Reached skill level 14 in Invocations
 34431 | Swamp:3  | Paralysed by a hornet for 2 turns
 34587 | Swamp:3  | Received a gift from Yredelemnul (a skeletal warrior)
 34883 | Swamp:3  | Reached skill level 9 in Dodging
 34968 | Swamp:4  | Entered Level 4 of the Swamp
 34992 | Swamp:4  | Received a gift from Yredelemnul (a vampire)
 35178 | Swamp:4  | Reached skill level 12 in Armour
 35620 | Swamp:4  | Got a decaying rune of Zot
 36229 | Depths:1 | Entered Level 1 of the Depths
 36291 | Depths:1 | Noticed a tengu reaver
 36296 | Depths:1 | Received a gift from Yredelemnul (a vampire knight)
 36310 | Depths:1 | Killed a tengu reaver
 36722 | Depths:1 | Found a gateway to Hell.
 37243 | Depths:1 | Gained mutation: You sometimes gain power by taking damage. [demonic ancestry]
 37243 | Depths:1 | Reached XP level 17. HP: 136/143 MP: 27/27
 38794 | Spider:3 | Identified a +0 buckler of resistance (You found it on level 3 of the Spider Nest)
 38993 | Orc:1    | Bought a twisted shield for 323 gold pieces
 38993 | Orc:1    | Bought a shimmering buckler for 323 gold pieces
 39003 | Orc:1    | Identified the cursed +0 buckler of Broken Taboos {Str+3 Dex+4} (You bought it in a shop on level 1 of the Orcish Mines)
 39021 | Orc:1    | Identified the cursed +0 shield of Context {-Cast rPois rC+++ Int+3} (You bought it in a shop on level 1 of the Orcish Mines)
 39584 | Depths:2 | Received a gift from Yredelemnul (a vampire knight)
 39619 | Depths:2 | Reached skill level 1 in Shields
 39626 | Depths:2 | Noticed a caustic shrike
 39644 | Depths:2 | Killed a caustic shrike
 39829 | Depths:2 | Reached skill level 16 in Fighting
 39939 | Depths:2 | Reached skill level 2 in Shields
 40134 | Depths:2 | Noticed a golden dragon
 40146 | Depths:2 | Killed a golden dragon
 40146 | Depths:2 | Reached skill level 15 in Invocations
 40531 | Depths:2 | Found a one-way gate to the infinite horrors of the Abyss.
 41004 | Depths:3 | Found a gateway to a ziggurat.
 41124 | Depths:3 | Found a one-way gate leading to the halls of Pandemonium.
 41312 | Depths:3 | Reached skill level 10 in Dodging
 41326 | Depths:3 | Reached skill level 3 in Shields
 41533 | Depths:3 | Got a jewelled dagger
 41535 | Depths:3 | Identified the +4 dagger "Gosohir" {flame, rF+ Int+4 Stlth+} (You found it on level 3 of the Depths)
 41560 | Depths:3 | Received a gift from Yredelemnul (a vampire)
 41960 | Depths:3 | Noticed a lich
 41969 | Depths:3 | Killed a lich
 42046 | Depths:3 | Reached skill level 13 in Armour
 42223 | Depths:3 | Found the +8 Wrath of Trog {antimagic, *Rage}
 42337 | Depths:3 | Identified the Reference Book on Earthen Evil
 42556 | Depths:4 | Noticed a golden dragon
 42565 | Depths:4 | Killed a golden dragon
 42711 | Depths:4 | Noticed an acid blob
 42716 | Depths:4 | Noticed a shard shrike
 42716 | Depths:4 | an acid blob changed into a shard shrike
 42722 | Depths:4 | Killed a titan
 42988 | Depths:4 | Reached skill level 4 in Shields
 43291 | Depths:4 | Noticed an ancient lich
 43307 | Depths:4 | Killed an ancient lich
 43671 | Depths:4 | Reached XP level 18. HP: 153/153 MP: 29/29
 43690 | Depths:4 | Received a gift from Yredelemnul (a skeletal warrior)
 43989 | Depths:4 | Reached skill level 16 in Invocations
 44029 | Depths:4 | Reached skill level 5 in Shields
 44256 | Depths:4 | Received a gift from Yredelemnul (a skeletal warrior)
 44488 | Depths:4 | HP: 13/153 [spriggan air mage/the air (17)]
 44917 | Depths:5 | Entered Level 5 of the Depths
 44950 | Depths:5 | Noticed a juggernaut
 44957 | Depths:5 | Killed a juggernaut
 45215 | Depths:5 | Reached skill level 6 in Shields
 45321 | Depths:5 | Reached skill level 11 in Dodging
 45431 | Depths:5 | Noticed a golden dragon
 45442 | Depths:5 | Killed a golden dragon
 45443 | Depths:5 | Received a gift from Yredelemnul (a ghoul)
 45642 | Depths:5 | Paralysed by a floating eye for 2 turns
 45739 | Depths:5 | Found a gate to the Realm of Zot.
 45760 | Depths:5 | Received a gift from Yredelemnul (a vampire knight)
 45771 | Depths:5 | Reached skill level 7 in Shields
 46295 | Vaults:1 | Entered Level 1 of the Vaults
 46445 | Vaults:1 | Received a gift from Yredelemnul (a ghoul)
 46521 | Vaults:1 | Reached skill level 17 in Fighting
 46522 | Vaults:1 | Received a gift from Yredelemnul (a flayed ghost)
 46886 | Vaults:1 | Found a roughly hewn altar of Beogh.
 47018 | Vaults:1 | Received a gift from Yredelemnul (a phantasmal warrior)
 47024 | Vaults:1 | Gained mutation: You have a pair of large antennae on your head. (SInv) [demonic ancestry]
 47024 | Vaults:1 | Reached XP level 19. HP: 115/161 MP: 31/31
 47514 | Vaults:1 | Reached skill level 8 in Shields
 48175 | Vaults:1 | Reached skill level 14 in Armour
 48294 | Vaults:2 | Received a gift from Yredelemnul (a flayed ghost)
 48329 | Vaults:2 | Reached skill level 17 in Invocations
 48820 | Vaults:2 | Received a gift from Yredelemnul (a phantasmal warrior)
 49007 | Vaults:2 | Received a gift from Yredelemnul (a vampire knight)
 49019 | Vaults:2 | Paralysed by a great orb of eyes for 2 turns
 49315 | Vaults:2 | Reached skill level 9 in Shields
 49354 | Vaults:2 | Received a gift from Yredelemnul (a bone dragon)
 49820 | Vaults:2 | Received a gift from Yredelemnul (a ghoul)
 51264 | Vaults:3 | Identified a scroll of acquirement
 51505 | Vaults:3 | You are cast into the Abyss!
 51505 | Vaults:3 | Cast into level 2 of the Abyss (a deep elf demonologist)
 51592 | Abyss:2  | Reached skill level 12 in Dodging
 51659 | Abyss:2  | HP: 16/161 [starcursed mass/accursed screaming (4)]
 51668 | Abyss:2  | HP: 5/161 [reaper/scythe of flaming (28)]
 51669 | Abyss:2  | Mangled by a reaper

Vanquished Creatures
  2 fire giants
  2 frost giants
  2 ghost moths (Spider:4)
  Aizul (Spider:1)
  2 ironheart preservers
  6 vault wardens
  An emperor scorpion (Spider:1)
  3 stone giants
  A war gargoyle (Depths:4)
  2 very ugly things (Abyss:2)
  A vampire knight (Depths:5)
  A deep elf demonologist (Vaults:3)
  Snorg (Lair:5)
  5 ettins
  3 yaktaur captains
  2 fire dragons
  A vault guard (D:13)
  A rakshasa (Depths:2)
  5 hydras
  9 two-headed ogres
  A ghost crab (Swamp:4)
  2 spriggan air magi
  2 centaur warriors
  2 tengu warriors (Depths:2)
  An ogre mage (Vaults:2)
  7 alligators
  A dancing weapon (Depths:4)
  3 deep troll earth magi
  3 death yaks
  A spriggan berserker (Depths:2)
  2 wretched stars (Abyss:2)
  Nergalle (Lair:1)
  An unseen horror (shapeshifter) (Depths:5)
  A wizard (Vaults:1)
  A flayed ghost (Depths:5)
  A deep troll (Vaults:1)
  3 unseen horrors
  2 swamp dragons
  A necromancer (Depths:1)
  A shambling mangrove (Swamp:3)
  3 lindwurms
  6 harpies
  A phantasmal warrior (Vaults:3)
  3 orb spiders
  9 orc knights
  16 ugly things
  11 wolf spiders
  A deep elf mage (Vaults:3)
  An oklob plant (Lair:6)
  A manticore (D:11)
  A cyclops (Vaults:1)
  A salamander (Depths:5)
  8 elephants
  7 black mambas
  A guardian serpent (Lair:6)
  A centaur zombie (D:14)
  A torpor snail (Spider:1)
  6 spiny frogs
  A gargoyle (D:10)
  13 yaktaurs
  7 komodo dragons
  An ancient zyme (Abyss:2)
  A freezing wraith (Vaults:2)
  4 demonic crawlers
  A polar bear (Lair:6)
  A meliai (Lair:5)
  A polar bear (shapeshifter) (Vaults:3)
  2 tengu conjurers
  8 jumping spiders
  2 hornets
  2 tyrant leeches
  8 blink frogs
  2 bog bodies
  7 slime creatures
  A centaur simulacrum (D:14)
  4 hippogriffs
  14 redbacks
  A shadow (Swamp:2)
  A vampire (D:14)
  5 tarantellas
  2 wraiths
  15 yaks
  6 wyverns
  5 vampire mosquitoes
  2 wargs
  Menkaure (D:5)
  5 insubstantial wisps
  8 swamp worms
  An acid dragon (Vaults:2)
  A floating eye (Depths:5)
  14 water moccasins
  8 porcupines
  3 slaves (D:4)
  24 orc warriors
  2 black bears
  An eye of draining (D:14)
  An ice beast (D:5)
  A sky beast (D:4)
  2 swamp drakes
  16 ogres
  A black bear (shapeshifter) (Depths:4)
  A small abomination (Abyss:2)
  4 wolves
  3 boggarts (D:15)
  8 centaurs
  13 crocodiles
  A big kobold (D:14)
  11 bullfrogs
  2 scorpions
  17 killer bees
  5 wights
  4 electric eels
  4 crimson imps
  3 howler monkeys
  4 hounds
  2 jellies
  9 orc priests
  2 bullfrog zombies
  15 orc wizards
  3 bullfrog skeletons
  4 centaur skeletons
  3 iguanas
  Natasha (thrice) (D:2)
  11 hell rats
  10 worker ants
  A hound zombie (D:6)
  A worker ant zombie (D:10)
  8 adders
  6 gnolls
  11 river rats
  3 shadow imps
  An adder skeleton (D:4)
  A worm (D:3)
  3 dart slugs
  4 leopard geckos
  95 orcs
  A bat zombie (D:6)
  5 giant cockroaches
  8 goblins
  4 hobgoblins
  19 jackals
  8 quokkas
  6 bats
  3 frilled lizards
  12 kobolds
  A quokka skeleton (D:5)
  9 rats
  3 briar patches (Swamp:1)
  2 plants (Lair:6)
729 creatures vanquished.

Vanquished Creatures (collateral kills)
  An ancient lich (Depths:4)
  A juggernaut (Depths:5)
  A caustic shrike (Depths:2)
  3 golden dragons
  A lich (Depths:3)
  A deep elf blademaster (Depths:4)
  A deep elf master archer (Depths:4)
  A titan (shapeshifter) (Depths:4)
  3 storm dragons
  A shadow dragon (Depths:5)
  2 thorn hunters (Swamp:1)
  A storm dragon (shapeshifter) (Depths:4)
  5 tengu reavers
  4 fire giants
  A draconian monk (Depths:5)
  5 deep elf sorcerers
  4 emperor scorpions (Spider:4)
  A draconian scorcher (Depths:5)
  6 frost giants
  3 ghost moths
  An iron dragon (Depths:4)
  A balrug (Depths:3)
  A draconian annihilator (Depths:5)
  4 war gargoyles (Depths:4)
  3 vault wardens
  A spriggan defender (Depths:3)
  6 ironheart preservers
  3 very ugly things (Depths:1)
  7 stone giants
  3 entropy weavers
  2 vampire knights
  A deep elf demonologist (Vaults:3)
  3 deep elf annihilators (Depths:4)
  2 green draconians (Depths:5)
  A white draconian (Depths:5)
  A purple draconian (Depths:5)
  The ghost of magipi the Basher, a journeyman GnBe of Trog (Lair:5)
  Azrael (Spider:3)
  6 spark wasps
  3 ettins
  3 deep elf death magi
  A crystal guardian (Depths:4)
  13 yaktaur captains
  A deep elf high priest (Depths:5)
  2 great orbs of eyes
  7 fire dragons
  4 rakshasas
  7 vault guards
  17 hydras
  6 ice dragons
  6 ogre magi
  3 ghost crabs
  A catoblepas (D:14)
  2 juggernaut simulacra (Depths:4)
  10 alligators
  A death knight (Vaults:3)
  4 spriggan air magi
  5 centaur warriors
  3 deep troll shamans
  2 tengu warriors
  4 death yaks (Lair:6)
  10 two-headed ogres
  A dancing weapon (Depths:4)
  2 vampire magi
  2 hell knights (Depths:4)
  5 deep troll earth magi
  4 spriggan berserkers
  2 sun demons (Depths:3)
  A shock serpent (Depths:4)
  A storm dragon skeleton (Depths:1)
  A deep elf knight (Vaults:2)
  4 unseen horrors
  2 salamander mystics
  10 deep trolls
  A flayed ghost (Vaults:3)
  2 spriggan druids (Swamp:4)
  3 shambling mangroves
  2 glowing orange brains
  4 wizards
  A deep elf archer (Vaults:2)
  8 swamp dragons
  Pikel (D:5)
  8 ironbrand convokers
  A lindwurm (Swamp:4)
  12 orc knights
  A harpy (shapeshifter) (Depths:4)
  24 wolf spiders
  2 phantasmal warriors (Depths:5)
  5 deep elf magi
  11 ugly things
  6 salamanders
  A spectral spriggan (Spider:3)
  8 orb spiders
  5 harpies (Vaults:2)
  2 manticores (D:12)
  A moth of wrath (Spider:4)
  4 oklob plants (Lair:6)
  8 elephants
  A frost giant skeleton (Depths:1)
  3 centaur zombies
  2 cyclopes
  5 black mambas
  5 vault sentinels
  Psyche (D:11)
  A torpor snail (Lair:6)
  A naga mage (Depths:4)
  16 spiny frogs
  2 rime drakes (Lair:6)
  5 komodo dragons
  A freezing wraith (Vaults:2)
  17 yaktaurs
  A komodo dragon (shapeshifter) (Vaults:2)
  5 trolls
  5 demonic crawlers
  A tengu conjurer (Depths:2)
  2 meliai (Lair:5)
  A jumping spider (shapeshifter) (Depths:4)
  A yaktaur skeleton (Depths:1)
  21 jumping spiders
  21 hornets
  2 queen bees
  7 tyrant leeches
  A wind drake (shapeshifter) (Depths:2)
  9 hippogriffs
  11 slime creatures
  7 dream sheep (Lair:6)
  8 blink frogs
  A fire dragon zombie (Depths:1)
  10 bog bodies
  2 spriggans
  51 redbacks
  20 tarantellas
  6 wyverns
  A spriggan skeleton (Depths:1)
  5 wraiths
  12 yaks
  2 water elementals
  2 fire elementals (Spider:3)
  A human (shapeshifter) (Depths:1)
  A hungry ghost (D:11)
  A steam dragon (Lair:6)
  Grum (D:11)
  3 basilisks
  7 vampire mosquitoes
  9 insubstantial wisps
  5 swamp worms
  7 water moccasins
  3 acid dragons
  A harpy simulacrum (Depths:4)
  5 wargs
  2 hell hounds (Spider:3)
  4 porcupines
  9 swamp drakes
  2 sky beasts (D:13)
  2 black bears
  A hornet zombie (D:14)
  35 orc warriors
  3 ice beasts
  An ice beast (shapeshifter) (Vaults:2)
  5 boggarts
  7 ogres
  12 wolves
  An ogre (shapeshifter) (Depths:5)
  10 centaurs
  A big kobold (D:13)
  6 crocodiles
  13 bullfrogs
  A wyvern zombie (D:8)
  A wyvern skeleton (D:13)
  2 human simulacra (Vaults:1)
  20 killer bees
  4 wights (D:13)
  An electric eel (Spider:2)
  2 jellies
  4 crimson imps
  2 hounds
  A quasit (D:7)
  12 orc priests
  3 centaur skeletons
  4 iguanas (Lair:6)
  5 worker ants
  Crazy Yiuf (D:6)
  21 orc wizards
  A hound zombie (D:11)
  A worker ant zombie (D:11)
  A howler monkey zombie (D:5)
  2 gnolls (D:3)
  4 river rats
  An adder (D:7)
  3 shadow imps
  2 leopard geckos
  69 orcs
  2 quokkas (Lair:2)
  A goblin (D:3)
  4 kobolds
  8 rats
  13 briar patches (Swamp:1)
  3 butterflies (Lair:4)
  17 fungi
  30 plants
1044 creatures vanquished.

Vanquished Creatures (others)
  A profane servitor (Vaults:1)
  5 ghouls
  3 vampire knights
  A very ugly thing zombie (Depths:1)
  A storm dragon zombie (Depths:4)
  7 skeletal warriors
  A ghost moth zombie (Spider:4)
  A spark wasp zombie (Spider:4)
  4 flayed ghosts
  A spectral spriggan (Depths:4)
  2 tengu zombies (Depths:4)
  10 phantasmal warriors
  A lindwurm (Swamp:4)
  2 wolf spider zombies
  2 ugly thing zombies
  An iron dragon skeleton (Depths:4)
  A vault sentinel (Vaults:1)
  A death yak zombie (Lair:6)
  A swamp worm zombie (Lair:4)
  12 redback zombies (Spider:4)
  2 ghoul skeletons
  A hydra zombie (Lair:6)
  3 harpy zombies
  A jumping spider (Spider:2)
  2 jumping spider zombies
  An ettin zombie (Depths:4)
  3 meliai zombies (Lair:5)
  A fire dragon zombie (Depths:5)
  4 black mamba zombies
  4 flying skulls
  4 wraiths
  5 vampires
  2 spriggan zombies
  A two-headed ogre zombie (Depths:1)
  4 deep troll zombies (Depths:1)
  An orb spider zombie (Spider:4)
  4 spiny frog zombies
  A salamander zombie (Depths:3)
  A two-headed ogre skeleton (Depths:1)
  2 hornet zombies
  2 dream sheep zombies (Lair:6)
  A lindwurm zombie (Lair:6)
  A swamp dragon zombie (Swamp:4)
  6 blink frog zombies
  An elephant zombie (Lair:6)
  4 yaktaur zombies
  An elephant skeleton (Lair:6)
  3 hippogriff zombies
  A torpor snail zombie (Lair:6)
  A troll zombie (Lair:5)
  A salamander skeleton (Depths:1)
  A hippogriff skeleton (Lair:6)
  5 wyvern zombies (Lair:6)
  7 water moccasin zombies
  5 yak zombies
  6 wolf zombies
  A wight (Lair:4)
  A wolf skeleton (D:11)
  3 bullfrog zombies
  A basilisk zombie (Lair:5)
  2 centaur zombies
  A bullfrog skeleton (Lair:4)
  A black bear skeleton (D:8)
  A bog body skeleton (Lair:4)
  3 porcupine zombies
  4 killer bee zombies
  A porcupine skeleton (Lair:5)
  An acid dragon zombie (Lair:6)
  A sky beast zombie (D:4)
  2 ogre zombies
  3 crocodile zombies
  3 human zombies
  A dwarf skeleton (Depths:3)
  3 mummies (D:8)
  A worker ant zombie (D:5)
  2 hell rat zombies (Lair:3)
  A swamp drake zombie (Swamp:4)
  A worm zombie (D:4)
  2 adder zombies
  A gnoll zombie (D:4)
  A jackal (D:11)
  2 river rat zombies (Lair:2)
  A frilled lizard (D:2)
  A goblin zombie (D:3)
  A hobgoblin zombie (D:3)
  2 jackal zombies
  A kobold zombie (D:3)
  3 leopard gecko zombies
  25 orc zombies
  A rat (D:2)
  7 rat zombies (Lair:2)
  A bush (Lair:6)
  37 fungi
  70 plants
345 creatures vanquished.

Grand Total: 2118 creatures vanquished

Table legend:
 A = Turns spent in this place as a percentage of turns spent in the entire game.
 B = Non-inter-level travel turns spent in this place as a percentage of non-inter-level travel turns spent in the entire game.
 C = Inter-level travel turns spent in this place as a percentage of turns spent in this place.
 D = Turns resting spent in this place as a percentage of non-inter-level travel turns spent in this place.
 E = Turns spent auto-exploring this place as a percentage of non-inter-level travel turns spent in this place.
 F = Non-inter-level travel turns spent in this place divided by the number of levels of this place that you've seen.
                   A       B       C       D       E      F
               +-------+-------+-------+-------+-------+----------------------
         Total | 100.0 | 100.0 |   6.3 |  36.3 |  40.0 | 1210.2
       Dungeon |  33.3 |  31.7 |  10.8 |  28.1 |  47.4 | 1022.4
          Lair |  20.2 |  20.5 |   4.8 |  40.9 |  36.0 | 1654.3
         Swamp |   6.3 |   6.5 |   3.5 |  18.2 |  59.8 | 787.0
   Spider Nest |   8.2 |   8.3 |   5.5 |  38.3 |  37.9 | 1006.2
  Orcish Mines |   3.9 |   3.8 |   8.1 |  15.4 |  53.6 | 924.0
        Vaults |  10.1 |  10.6 |   1.3 |  48.2 |  29.7 | 1714.0
        Depths |  17.7 |  18.2 |   3.6 |  48.9 |  29.3 | 1763.6
         Abyss |   0.3 |   0.3 |   0.0 |  12.2 |   0.0 | 164.0
               +-------+-------+-------+-------+-------+----------------------

Table legend:
 A = Spawn XP
 B = Non-spawn XP
 C = Spawn XP percentage of total XP
 D = Spawn monster count
 E = Non-spawn monster count
 F = Spawn count percentage of total count
 G = Total turns spent on level
                    A         B        C        D         E        F      G
               +---------+---------+-------+---------+---------+-------+---------
         Total |    7135 |  444338 |   1.6 |      10 |    1694 |   0.6 | 51669
               +---------+---------+-------+---------+---------+-------+---------
           D:1 |       0 |      27 |   0.0 |       0 |      15 |   0.0 |   971
           D:2 |       0 |     174 |   0.0 |       0 |      26 |   0.0 |  1952
           D:3 |       0 |     163 |   0.0 |       0 |      29 |   0.0 |  1481
           D:4 |       0 |     560 |   0.0 |       0 |      22 |   0.0 |   844
           D:5 |       0 |    1285 |   0.0 |       0 |      24 |   0.0 |  1881
           D:6 |       0 |     722 |   0.0 |       0 |      31 |   0.0 |  1063
           D:7 |       0 |     547 |   0.0 |       0 |      12 |   0.0 |   811
           D:8 |       0 |    2612 |   0.0 |       0 |      32 |   0.0 |  1093
           D:9 |       0 |    1371 |   0.0 |       0 |      20 |   0.0 |  1359
          D:10 |       0 |    1683 |   0.0 |       0 |      54 |   0.0 |   867
          D:11 |       0 |    4837 |   0.0 |       0 |      74 |   0.0 |  1124
          D:12 |       0 |    2838 |   0.0 |       0 |      13 |   0.0 |   430
          D:13 |       0 |    9996 |   0.0 |       0 |      59 |   0.0 |  1144
          D:14 |       0 |    7108 |   0.0 |       0 |      37 |   0.0 |   735
          D:15 |       0 |    3200 |   0.0 |       0 |      13 |   0.0 |  1438
        Lair:1 |       0 |    7241 |   0.0 |       0 |      36 |   0.0 |  2102
        Lair:2 |       0 |    4045 |   0.0 |       0 |      51 |   0.0 |  1765
        Lair:3 |       0 |    4786 |   0.0 |       0 |      32 |   0.0 |  1135
        Lair:4 |       0 |    4299 |   0.0 |       0 |      27 |   0.0 |  1028
        Lair:5 |       0 |   11801 |   0.0 |       0 |      63 |   0.0 |  2106
        Lair:6 |       0 |   25444 |   0.0 |       0 |     105 |   0.0 |  2287
       Swamp:1 |       0 |    6482 |   0.0 |       0 |      28 |   0.0 |   946
       Swamp:2 |       0 |    8933 |   0.0 |       0 |      37 |   0.0 |   746
       Swamp:3 |       0 |    8124 |   0.0 |       0 |      29 |   0.0 |   684
       Swamp:4 |       0 |   19630 |   0.0 |       0 |      55 |   0.0 |   886
      Spider:1 |       0 |    7396 |   0.0 |       0 |      25 |   0.0 |  1065
      Spider:2 |       0 |   13409 |   0.0 |       0 |      51 |   0.0 |   759
      Spider:3 |       0 |    7203 |   0.0 |       0 |      24 |   0.0 |   810
      Spider:4 |       0 |   26096 |   0.0 |       0 |     100 |   0.0 |  1626
         Orc:1 |       0 |    3011 |   0.0 |       0 |      55 |   0.0 |   767
         Orc:2 |       0 |    8993 |   0.0 |       0 |      75 |   0.0 |  1244
      Vaults:1 |       0 |   43808 |   0.0 |       0 |     119 |   0.0 |  1993
      Vaults:2 |       0 |   36036 |   0.0 |       0 |      79 |   0.0 |  2180
      Vaults:3 |       0 |   14387 |   0.0 |       0 |      26 |   0.0 |  1037
      Depths:1 |       0 |   21977 |   0.0 |       0 |      52 |   0.0 |  2402
      Depths:2 |       0 |   22714 |   0.0 |       0 |      34 |   0.0 |  1615
      Depths:3 |       0 |   18824 |   0.0 |       0 |      29 |   0.0 |  1626
      Depths:4 |       0 |   49887 |   0.0 |       0 |      54 |   0.0 |  2567
      Depths:5 |       0 |   32689 |   0.0 |       0 |      47 |   0.0 |   936
       Abyss:2 |    7135 |       0 | 100.0 |      10 |       0 | 100.0 |   164
               +---------+---------+-------+---------+---------+-------+---------
